Map: Emerald City LE

Players

garoozis

  • Race: Protoss Protoss
  • Spawn Location: 11:00

BoomShaklaka

  • Race: Zerg Zerg
  • League: Gold
  • Spawn Location: 11:00

Throwfordays - Winner!

  • Race: Protoss Protoss
  • League: Silver
  • Spawn Location: 5:00

Faust - Winner!

  • Race: Zerg Zerg
  • League: Diamond
  • Spawn Location: 5:00

VOD

Have the link to the VOD?

Description

Time

  • Played on: May 5, 2019, 11:41 p.m.
  • Length: 11:42
Show
View Real Time Build Order
Export as new Build Order

garoozis Protoss 

Build Orders: Double Forge 

Get SALT Encoding   

  12  0:02  Probe  
  13  0:13  Probe  
  14  0:21  Probe  
  14  0:23  Pylon  
  15  0:46  Gateway  
  15  0:47  Probe  
  16  0:53  Pylon  
  16  0:59  Probe  
  16  1:00  Assimilator  
  17  1:11  Probe  
  18  1:19  Pylon  
  18  1:28  Probe  
  19  1:37  Assimilator  
  19  1:41  Cybernetics Core  
  19  1:44  Zealot  
  21  2:17  Stalker  
  23  2:24  Probe  
  23  2:26  Forge  
  24  2:32  Probe  
  24  2:34  Warp Gate  
  25  2:40  Probe  
  26  2:49  Stalker  
  28  2:59  Forge  
  28  3:02  Gateway  
  28  3:18  Protoss Ground Weapons Level 1  
  28  3:32  Stalker  
  30  3:34  Robotics Facility  
  30  3:39  Protoss Ground Armor Level 1  
  30  3:51  Stalker  
  32  4:02  Stalker  
  34  4:10  Pylon  
  34  4:20  Pylon  
  34  4:21  Stalker  
  34  4:22  Pylon  
  36  4:26  Pylon  
  36  4:32  Stalker  
  36  4:38  Immortal  
  42  5:02  Stalker  
  44  5:23  Nexus  
  44  5:25  Stalker  
  46  6:19  Pylon  
  46  6:24  Immortal  
  50  6:27  Stalker x2  
  29  6:48  Probe  
  29  6:56  Probe  
  28  7:06  Probe x2  
  30  7:18  Probe  
  31  7:23  Probe  
  32  7:30  Probe  
  33  7:40  Probe  
  33  7:41  Probe  
  34  7:49  Probe  
  35  7:57  Probe  
  37  8:07  Probe  
  38  8:13  Probe  
  38  8:19  Probe  
  40  8:25  Probe  
  41  8:29  Robotics Bay  
  41  8:30  Immortal  
  41  8:31  Probe  
  46  8:37  Probe  
  47  8:43  Probe  
  49  8:55  Probe  
  49  9:07  Probe  
  46  9:36  Probe  
  46  9:43  Assimilator  
  46  9:47  Assimilator  
  46  9:48  Probe  
  47  9:53  Stalker x2  
  51  10:08  Probe  
  52  10:17  Probe  
  52  10:21  Probe  
  54  10:25  Probe  
  54  10:33  Probe  
  56  10:36  Stalker x2  
  60  10:44  Colossus  
  60  10:45  Probe  
  57  10:57  Probe  
  44  11:09  Nexus, Probe  
Show
View Real Time Build Order
Export as new Build Order

BoomShaklaka Zerg 

Build Orders: Hatch First 

Get SALT Encoding   

  12  0:02  Drone  
  13  0:13  Drone  
  14  0:35  Hatchery  
  14  0:39  Drone  
  14  0:45  Overlord  
  14  1:05  Spawning Pool, Drone  
  14  1:10  Drone  
  15  1:13  Drone  
  16  1:20  Extractor  
  16  1:23  Drone  
  16  1:27  Extractor  
  16  1:28  Drone  
  16  1:39  Drone  
  17  1:48  Drone x2  
  19  1:56  Queen  
  19  1:58  Drone  
  22  2:09  Drone  
  23  2:18  Drone x2  
  23  2:20  Queen  
  27  2:24  Drone  
  27  2:28  Overlord  
  28  2:32  Overlord  
  28  2:42  Roach Warren  
  27  2:44  Drone  
  27  2:47  Drone  
  27  2:50  Drone  
  30  2:53  Drone  
  30  2:56  Drone  
  32  3:05  Drone x2  
  33  3:06  Drone  
  35  3:16  Overlord  
  35  3:17  Overlord  
  35  3:31  Roach  
  35  3:32  Roach x3  
  43  3:37  Roach x2  
  43  3:38  Roach  
  49  3:42  Roach  
  49  3:44  Roach  
  49  3:48  Roach  
  55  4:06  Lair  
  55  4:09  Roach x2  
  59  4:12  Overlord x2  
  59  4:30  Queen  
  61  4:41  Roach x7  
  75  5:16  Glial Reconstitution  
  75  5:22  Spire  
  75  5:27  Hydralisk Den  
  69  6:46  Corruptor x2, Hydralisk  
  73  6:49  Overlord x3  
  73  6:50  Overlord x2  
  68  7:11  Corruptor x3  
  74  7:22  Drone x5  
  79  7:23  Drone x8  
  87  7:31  Spore Crawler  
  87  7:33  Spore Crawler  
  85  8:18  Extractor  
  84  8:20  Extractor  
  83  8:39  Zerg Flyer Weapons Level 1  
  83  8:53  Drone x3  
  83  8:55  Drone x3  
  81  9:33  Hatchery  
  80  10:04  Infestation Pit  
  79  10:23  Grooved Spines  
  79  11:13  Hydralisk x9  
  79  11:14  Hydralisk x7  
Show
View Real Time Build Order
Export as new Build Order

Throwfordays Protoss - Winner!

Build Orders: 1 Gate Expand 

Get SALT Encoding   

  12  0:01  Probe  
  13  0:18  Pylon, Probe  
  14  0:26  Probe  
  14  0:34  Probe  
  15  0:42  Gateway  
  16  0:49  Assimilator  
  16  0:59  Probe  
  17  1:11  Probe  
  18  1:24  Nexus  
  18  1:37  Cybernetics Core  
  18  1:43  Pylon  
  18  1:44  Probe  
  19  1:52  Probe  
  19  1:58  Assimilator  
  19  2:01  Probe  
  21  2:13  Adept  
  23  2:16  Warp Gate  
  23  2:18  Robotics Facility  
  23  2:34  Probe  
  24  2:40  Probe  
  25  2:45  Pylon  
  25  2:46  Probe  
  25  2:48  Probe  
  26  2:57  Probe  
  27  2:58  Adept  
  30  3:09  Probe  
  30  3:10  Stargate  
  31  3:13  Probe  
  32  3:21  Probe x2  
  34  3:30  Probe  
  34  3:34  Probe, Immortal  
  40  3:42  Gateway  
  40  3:45  Probe  
  40  3:46  Probe  
  42  3:52  Assimilator  
  42  3:58  Assimilator, Probe  
  42  4:01  Probe  
  44  4:13  Probe  
  45  4:23  Nexus  
  45  4:26  Oracle  
  45  4:33  Pylon  
  45  4:34  Immortal  
  52  4:47  Assimilator  
  52  4:48  Probe  
  52  4:49  Assimilator  
  52  4:51  Probe  
  54  5:00  Probe  
  54  5:03  Oracle  
  54  5:04  Probe  
  54  5:06  Stalker  
  61  5:13  Pylon  
  61  5:16  Probe  
  62  5:28  Pylon  
  62  5:38  Forge  
  62  5:42  Stalker x2  
  66  5:43  Immortal  
  66  5:46  Protoss Air Weapons Level 1, Probe  
  69  6:23  Protoss Ground Weapons Level 1  
  69  6:26  Pylon  
  69  6:27  Pylon  
  69  6:29  Pylon  
  69  7:09  Phoenix  
  71  7:17  Stalker  
  71  7:18  Stalker  
  71  7:21  Stargate  
  71  7:22  Stargate, Probe  
  76  7:24  Stargate  
  76  7:31  Probe  
  76  7:34  Phoenix, Probe  
  80  7:47  Probe  
  80  7:51  Protoss Air Armor Level 1  
  81  7:52  Probe  
  81  7:55  Nexus  
  81  7:58  Assimilator  
  82  7:59  Assimilator  
  82  8:04  Pylon  
  82  8:07  Immortal  
  82  8:08  Pylon  
  82  8:10  Pylon  
  86  8:13  Pylon  
  86  8:23  Phoenix x3  
  86  8:24  Phoenix  
  94  8:31  Probe  
  94  8:34  Probe  
  96  8:43  Probe  
  96  8:46  Probe  
  96  8:47  Immortal  
  102  8:55  Probe  
  102  8:58  Probe  
  102  9:02  Pylon  
  104  9:03  Pylon  
  104  9:05  Pylon  
  104  9:06  Pylon  
  104  9:09  Pylon  
  101  9:37  Void Ray x4  
  114  9:48  Cybernetics Core, Probe  
  114  9:50  Fleet Beacon  
  114  9:52  Probe  
  115  9:56  Probe  
  116  10:00  Probe  
  116  10:06  Probe  
  118  10:10  Probe  
  120  10:17  Twilight Council  
  120  10:18  Probe  
  121  10:22  Probe  
  122  10:28  Nexus  
  122  10:30  Probe  
  122  10:31  Pylon  
  122  10:34  Assimilator, Probe  
  124  10:39  Assimilator, Immortal  
  124  10:41  Pylon  
  128  10:46  Void Ray  
  128  10:47  Void Ray x3  
  144  11:14  Probe  
  144  11:17  Probe  
  146  11:29  Probe  
Show
View Real Time Build Order
Export as new Build Order

Faust Zerg - Winner!

Build Orders: Hatch First, Lurkers, Swarm Host 

Get SALT Encoding   

  12  0:06  Drone  
  13  0:11  Drone  
  13  0:13  Extractor  
  13  0:16  Drone  
  15  0:22  Overlord  
  15  0:42  Drone x2  
  17  0:54  Hatchery  
  16  0:59  Drone  
  17  1:04  Drone  
  17  1:05  Extractor  
  17  1:21  Spawning Pool, Drone  
  17  1:27  Drone  
  18  1:38  Drone  
  19  1:44  Overlord  
  19  2:02  Drone  
  19  2:07  Queen x2  
  24  2:09  Zergling x2  
  24  2:11  Metabolic Boost  
  24  2:14  Drone  
  26  2:18  Drone  
  26  2:21  Drone  
  28  2:26  Drone  
  30  2:30  Drone  
  30  2:36  Overlord  
  30  2:43  Drone  
  31  2:49  Lair  
  31  2:52  Drone x2  
  33  3:07  Hatchery  
  31  3:24  Drone x7  
  38  3:28  Drone  
  38  3:29  Extractor  
  38  3:31  Drone x2  
  38  3:32  Drone  
  41  3:34  Drone  
  41  3:38  Overlord  
  42  3:48  Extractor  
  41  3:49  Extractor  
  41  3:53  Drone x2  
  42  3:57  Hydralisk Den  
  42  3:59  Infestation Pit  
  42  4:01  Drone x2  
  42  4:03  Drone x3  
  42  4:04  Drone  
  46  4:16  Drone  
  48  4:17  Drone  
  48  4:20  Queen  
  48  4:23  Overlord  
  50  4:25  Extractor  
  50  4:31  Evolution Chamber x2  
  47  4:41  Drone  
  47  4:45  Drone x10  
  58  4:47  Drone  
  58  4:52  Overlord  
  59  4:54  Overlord  
  59  4:59  Zerg Missile Weapons Level 1  
  59  5:04  Zerg Ground Armor Level 1  
  59  5:14  Nydus Network  
  59  5:18  Lurker Den, Spore Crawler  
  59  5:19  Drone  
  59  5:20  Drone x2  
  59  5:23  Drone x2  
  61  5:32  Drone x3  
  61  5:33  Drone  
  65  5:39  Drone  
  65  5:40  Drone x4  
  65  5:42  Swarm Host  
  73  5:44  Swarm Host  
  73  5:46  Overlord  
  76  5:54  Swarm Host x2  
  82  6:04  Hydralisk x2  
  82  6:05  Hydralisk x2  
  82  6:07  Spine Crawler  
  89  6:13  Drone  
  90  6:54  Extractor  
  90  6:57  Overlord x2  
  90  6:58  Overlord x4  
  89  7:02  Overlord x2  
  89  7:04  Hatchery  
  88  7:17  Lurker x4  
  92  7:23  Spire  
  92  7:24  Hive  
  92  7:28  Zerg Ground Armor Level 2, Zerg Missile Weapons Level 2  
  91  7:31  Drone  
  91  7:32  Drone x2  
  91  7:33  Baneling Nest  
  91  7:34  Drone x2  
  91  7:35  Drone  
  91  7:36  Spore Crawler  
  95  7:39  Spine Crawler  
  95  7:40  Spine Crawler  
  93  7:45  Burrow  
  93  7:53  Overlord  
  93  8:01  Swarm Host x5  
  93  8:02  Swarm Host  
  111  8:43  Nydus Canal  
  111  8:46  Drone x2  
  111  8:47  Drone x14  
  127  8:48  Overlord  
  127  8:49  Overlord x3  
  127  9:23  Extractor x2, Drone x4  
  127  9:24  Drone x2, Corruptor  
  131  9:25  Corruptor x12  
  157  9:51  Spore Crawler x2  
  155  9:56  Nydus Canal  
  155  9:57  Corruptor x7  
  169  10:03  Queen  
  171  10:18  Nydus Canal  
  171  10:20  Drone x3  
  171  10:21  Drone  
  175  10:58  Spire  
  175  11:00  Ultralisk Cavern  
Tags
 
Add a new tag
Caveats
  • Supply blocks, unpowered buildings, or Contaminate may cause inaccurate times.
  • Supply counts are checked every 10 seconds.